 Dungeon Crawl Stone Soup version 0.28-a0-108-g844de0d849 (webtiles) character file.

Game seed: 4291342689664981828

65 Mrsk the Insei (level 3, -1/28 HPs)
             Began as a Demigod Transmuter on Aug 12, 2021.
             Slain by a gnoll (2 damage)
             ... on level 1 of the Dungeon.
             The game lasted 00:12:45 (2414 turns).

Mrsk the Insei (Demigod Transmuter)                 Turns: 2414, Time: 00:12:45

Health: -1/28      AC:  5    Str: 17    XL:     3   Next: 67%
Magic:  8/8        EV: 11    Int: 19    God:
Gold:   8          SH:  0    Dex: 14    Spells: 4/5 levels left

rFire   + . .      SeeInvis .   f - +0 long sword
rCold   . . .      Faith    .   (no shield)
rNeg    . . .      Spirit   .   i - +0 ring mail
rPois   .          Reflect  .   (no helmet)
rElec   .          Harm     .   (no cloak)
rCorr   .          Rampage  .   (no gloves)
Will    .....                   (no boots)
Stlth   +.........              (no amulet)
HPRegen 0.09/turn               m - ring of protection from fire
MPRegen 0.11/turn               q - +6 ring of strength

@: no status effects
A: high mp 1, forlorn
a: no special abilities


You were on level 1 of the Dungeon.
You visited 1 branch of the dungeon, and saw 2 of its levels.

You collected 41 gold pieces.
You spent 33 gold pieces at shops.

Inventory:

Hand Weapons
 b - a +0 club
 f - a +0 long sword (weapon)
Missiles
 e - 23 sling bullets
 g - 15 stones
 k - 24 bolts
Armour
 a - a +0 robe
 i - a +0 ring mail (worn)
 p - a +0 helmet
Magical Staves
 h - a staff of cold
Jewellery
 m - a ring of protection from fire (left hand)
 q - a +6 ring of strength (right hand)
Scrolls
 c - 2 scrolls of teleportation {unknown}
 j - a scroll of fear {unknown}
 r - a scroll of fog {unknown}
Potions
 d - 3 potions of curing
 l - a potion of lignification {unknown}
 n - a potion of might {unknown}
 o - 2 potions of brilliance {unknown}


   Skills:
 * Level 1.5 Fighting
 + Level 0.6 Armour
 + Level 2.2 Dodging
 + Level 0.2 Stealth
 + Level 3.1 Unarmed Combat
 + Level 1.9 Spellcasting
 * Level 2.4 Transmutations


You had 4 spell levels left.
You knew the following spells:

 Your Spells              Type           Power      Damage    Failure   Level
a - Beastly Appendage     Tmut           22%        N/A       12%         1

Your spell library contained the following spells:

 Spells                   Type           Power      Damage    Failure   Level
 Wereblood                Tmut           11%        N/A       17%         2
 Spider Form              Tmut/Pois      3%         N/A       50%         3
 Ice Form                 Ice/Tmut       6%         N/A       88%         4


Dungeon Overview and Level Annotations

Branches:
Dungeon (2/15)

Shops:
D:2 !


Innate Abilities, Weirdness & Mutations

Your attributes grow dramatically as you level up.
You have an increased reservoir of magic. (+10% MP)
You shall have no god before yourself.


Message History

There is a stone staircase leading down here.
You start resting.
HP restored.
Casting: Beastly Appendage (safe; 12% risk of failure)
Confirm with . or Enter, or press ? or * to list all spells.
You grow a pair of large bovine horns.
Your feet morph into talons.
You climb downwards.
The gnoll hits you from afar with a +0 spear. x2
There is a stone staircase leading up here.
The gnoll closely misses you. x2
You hit the gnoll but do no damage. You claw the gnoll.
The gnoll is moderately wounded.
The gnoll hits you with a +0 spear. The gnoll misses you.
You riposte.
You barely miss the gnoll. You hit the gnoll. You claw the gnoll.
The gnoll is severely wounded.
Your transformation is almost over.
The gnoll hits you but does no damage. The gnoll misses you.
The gnoll barely misses you. x2
You hit the gnoll. Your kick misses the gnoll.
You headbutt the gnoll, but do no damage.
The gnoll is almost dead.
The gnoll hits you but does no damage. The gnoll hits you with a +0 flail.
You hit the gnoll but do no damage. Your kick misses the gnoll.
Your headbutt misses the gnoll.
The gnoll is almost dead.
The gnoll barely misses you. The gnoll hits you with a +0 flail.
* * * LOW HITPOINT WARNING * * *
You hit the gnoll but do no damage. You claw the gnoll.
You kill the gnoll!
The gnoll hits you with a +0 flail.
* * * LOW HITPOINT WARNING * * *
The gnoll hits you but does no damage.
There is a stone staircase leading up here.
The gnoll barely misses you.
You climb upwards.
There is a stone staircase leading down here.
Your horns disappear.
Your talons disappear.
The gnoll hits you with a +0 flail.
You die...

.^...####'#....#.##.#
.....##........#.##.#
.....##........#.##.#
#######.....#..#.##.#
#.....#..#.##.# #####
#.....#....##.# ....#
#.....#....##.# ....#
#..........##.# ....#
#....##.#.@##.# ....#
#.......#g>##.# ....#
###'#...#####.#
....#####.#...# #.#
#.........#...## #.#########
#.........#....# #.........#
.........##....############.##
#######'###......#...........#
# #.# #..#.#.#.###########


You could see a gnoll.

Vanquished Creatures
  2 gnolls (D:2)
  An adder (D:2)
  5 endoplasms
  2 giant cockroaches (D:2)
  3 goblins
  3 hobgoblins
  6 jackals
  A quokka (D:2)
  3 ball pythons
  A frilled lizard (D:2)
  A kobold (D:2)
  7 rats
35 creatures vanquished.

Notes
Turn   | Place    | Note
-------+----------+-------------------------------------------
     0 | D:1      | Mrsk the Demigod Transmuter began the quest for the Orb.
     0 | D:1      | Reached XP level 1. HP: 15/15 MP: 5/5
   951 | D:1      | Reached XP level 2. HP: 21/22 MP: 7/7
   958 | D:1      | Reached skill level 3 in Unarmed Combat
  1144 | D:2      | HP: 1/22 [gnoll (7)]
  1532 | D:2      | Reached skill level 1 in Fighting
  1644 | D:2      | Found Quseoq's Distillery.
  1652 | D:2      | Bought a potion of curing for 33 gold pieces
  1754 | D:2      | Reached XP level 3. HP: 18/28 MP: 8/8
  2410 | D:2      | HP: 1/28 [gnoll (5)]
  2414 | D:1      | Slain by a gnoll

Illustrated notes

Levels and vault maps discovered:
D:1:      scummos_arrival_simple_fountains, layout_basic,
          dreamdust_ecumenical_altar_grove, minmay_misc_feat_tower
D:2:      layout_loops_ring, serial_shops, shop_statue

Skill      XL: |  1  2 |
---------------+-------+-----
Dodging        | 2 |  2.2
Transmutations | 2 |  2.4
Unarmed Combat | 3 |  3.1
Fighting       | 1 |  1.5
Armour         | |  0.6
Stealth        | |  0.2
Spellcasting   | |  1.9

Action                   || total
-------------------------++-------
Melee: Long sword        ||    98
       Unarmed           ||     7
       Club              ||     2
       Kick              ||     6
       Headbutt          ||     1
 Cast: Beastly Appendage ||     3
Armor: Ring mail         ||    43
       Robe              ||     3
Dodge: Dodged            ||    80
       Rpst.: Long sword ||    19

Table legend: (Time is in decaauts)
 A = Elapsed time spent in this place.
 B = Non-inter-level travel time spent in this place.
 C = Inter-level travel time spent in this place.
 D = Time resting spent in this place.
 E = Time spent auto-exploring this place.
 F = Levels seen in this place.
 G = Mean time per level.
                   A        B        C        D        E       F      G
               +--------+--------+--------+--------+--------+-----+--------+
         Total |   2454 |   2395 |     59 |    828 |    346 |   2 | 1227.0 |
       Dungeon |   2454 |   2395 |     59 |    828 |    346 |   2 | 1227.0 |
               +--------+--------+--------+--------+--------+-----+--------+

Top non-repeatable levels by time:
     D:1: 1614 daAuts
     D:2: 839 daAuts
